 Dungeon Crawl Stone Soup version 0.29-a0-542-g075992c (webtiles) character file.

Game seed: 8852518131917837999

9039 Illumine the Cleaver (level 11, -9/142 HPs)
             Began as a Palentonga Berserker on June 3, 2022.
             Was an Elder of Trog.
             Mangled by a yak (12 damage)
             ... on level 10 of the Dungeon.
             The game lasted 00:13:56 (8559 turns).

Illumine the Cleaver (Palentonga Berserker)         Turns: 8559, Time: 00:13:56

Health: -9/142     AC: 25    Str: 26    XL:     11   Next: 17%
Magic:  11/11      EV:  1    Int:  5    God:    Trog [****..]
Gold:   538        SH:  0    Dex: 13    Spells: 10/10 levels left

rFire   + + .      SeeInvis +   k - +8 hand axe of Pestilence {spect, rF++ Int-2 Dex+4}
rCold   . . .      Faith    .   (no shield)
rNeg    + . .      Spirit   .   (body armour currently unavailable)
rPois   +          Reflect  .   (helmet currently unavailable)
rElec   .          Harm     .   (cloak currently unavailable)
rCorr   .          Rampage  .   (gloves currently unavailable)
Will    .....      NoTele   +   (no barding)
Stlth   +.........              (no amulet)
HPRegen 0.33/turn               j - ring of positive energy
MPRegen 0.12/turn               C - +4 ring of evasion

@: tree-form
A: stationary, stasis, torment immunity, boosted hp, large, rugged brown scales
3, see invisible, (deformed body), (roll 1), (armoured tail), (reflexive curl)
a: Renounce Religion, Berserk, Trog's Hand, Brothers in Arms


You were on level 10 of the Dungeon.
You worshipped Trog.
Trog was greatly pleased with you.
You were a tree.
You visited 2 branches of the dungeon, and saw 13 of its levels.
You also visited: Sewer.

You collected 538 gold pieces.

Inventory:

Hand Weapons
 a - a +0 mace
 k - the +8 hand axe of Pestilence (weapon) {spect, rF++ Int-2 Dex+4}
   (You found it on level 2 of the Dungeon)

   When its wielder attacks, the weapon's spirit leaps out and strikes again.
   The spirit shares a part of any damage it takes with its wielder.
   Int:       It affects your intelligence (-2).
   Dex:       It affects your dexterity (+4).
   rF:        It greatly protects you from fire.
 J - a +5 flail
 Q - a +0 broad axe
Missiles
 i - 12 poisoned darts
 v - 3 silver boomerangs
 F - 12 boomerangs of dispersal
Armour
 e - a +0 pair of gloves (melded)
 x - the +5 ring mail of Fabulous Leaves (melded) {rC+ Int+3}
   (You found it on level 5 of the Dungeon)

   Int:       It affects your intelligence (+3).
   rC:        It protects you from cold.
 K - a +0 cloak (melded)
Jewellery
 j - a ring of positive energy (left branch)
 C - a +4 ring of evasion (right branch)
 G - a ring of resist corrosion
 M - a ring of flight
 P - a ring of ice
Wands
 s - a wand of flame (16)
 z - a wand of paralysis (8)
 O - a wand of acid (10)
Scrolls
 l - a scroll of poison {unknown}
 m - 2 scrolls of vulnerability
 o - 3 scrolls of noise {unknown}
 r - a scroll of acquirement {unknown}
 u - 2 scrolls of silence {unknown}
 y - a scroll of brand weapon {unknown}
 A - a scroll of summoning {unknown}
 B - 2 scrolls of fear
 E - 6 scrolls of teleportation
 H - a scroll of enchant armour {unknown}
 L - 3 scrolls of fog
Potions
 b - a potion of resistance {unknown}
 c - 5 potions of flight
 d - 2 potions of degeneration
 f - 5 potions of haste
 g - 3 potions of lignification
 h - 3 potions of might {unknown}
 n - 2 potions of mutation {unknown}
 p - 2 potions of cancellation {unknown}
 q - 5 potions of brilliance {unknown}
 t - a potion of ambrosia {unknown}
 w - 2 potions of heal wounds {unknown}
 D - 3 potions of curing {unknown}
 I - 2 potions of attraction {unknown}
 N - a potion of invisibility {unknown}
 R - a potion of magic {unknown}
 S - 3 potions of berserk rage {unknown}


   Skills:
 + Level 9.3 Fighting
 * Level 12.1(12.4) Axes
 - Level 3.7(8.7) Maces & Flails
 + Level 7.5 Armour
 - Level 1.5 Dodging


You had 10 spell levels left.
You didn't know any spells.
Your spell library was empty.

Dungeon Overview and Level Annotations

Branches:
Dungeon (12/15)            Temple (0/1) D:4            Lair (1/6) D:8
    Orc (0/2) D:11          Sewer (visited)

Altars:
Ashenzari
Elyvilon
Fedhas
Gozag
Okawaru
Vehumet
Zin

Shops:
D:5 (   D:8 (*

Annotations:
D:3 2 transporters, 2 runed translucent doors
D:7 exclusion: statue


Innate Abilities, Weirdness & Mutations

You are a tree.
Your roots penetrate the ground, keeping you stationary.
You cannot be teleported.
You are immune to unholy pain and torment.
Your maximum health is greatly increased.
Your equipment is partially melded.
(You are completely covered in rugged brown scales. (AC +3, +7% HP))
You have supernaturally acute eyesight. (SInv)
((Armour fits poorly on your strangely shaped body.))
((You can roll at nearby foes to attack.))
((You have a long armoured tail.))
((You curl defensively after being hit. (AC +7*)))


Message History

You kill the yak!
Trog accepts your kill.
Unknown command.
The yak gores you. The yak gores you but does no damage.
The yak barely misses you.
You see here a yak corpse.
Unknown command.
You slash the yak! You tail-slap the yak!
The yak is severely wounded.
You slash the yak! You hit the yak. The yak barely misses you.
The yak gores you.
Unknown command.
You slash the yak!
The yak is almost dead.
You hit the yak but do no damage. You hit the yak. You slash the yak!
The yak gores you! The yak gores you but does no damage. The yak gores you! x2
* * * LOW HITPOINT WARNING * * *
Unknown command.
You slash the yak!
You kill the yak!
Trog accepts your kill.
You barely miss the yak. You hit the yak. x2
Your +8 hand axe of Pestilence {spect, rF++ Int-2 Dex+4} hits the yak!
Your +8 hand axe of Pestilence {spect, rF++ Int-2 Dex+4} barely misses the yak.
Your +8 hand axe of Pestilence {spect, rF++ Int-2 Dex+4} hits the yak. x2
The yak gores your +8 hand axe of Pestilence {spect, rF++ Int-2 Dex+4}!
Your spectral weapon shares its damage with you!
* * * LOW HITPOINT WARNING * * *
The yak gores you but does no damage. The yak gores you!
* * * LOW HITPOINT WARNING * * *
The yak gores you.
* * * LOW HITPOINT WARNING * * *
Okay, then.
Okay, then.
Really quaff the potion of lignification?
You turn into a tree.
Your +0 cloak melds into your body.
Your +0 pair of gloves melds into your body.
The +5 ring mail of Fabulous Leaves {rC+ Int+3} melds into your body.
Your roots penetrate the ground.
The yak gores you!
You die...

#. #.....#.#
#.##.###.#.#
#.#...#....#
#..........#
#.#...#...##
#.##.###.##
#....# #.#
#)†### #.#
#Y♣#####.#
#YYY...#.#
##........
.........
.........
..........
..........
#..........
.......


You could see 4 yaks.

Vanquished Creatures
  3 two-headed ogres
  An ugly thing (D:8)
  A komodo dragon (D:8)
  A wraith (D:10)
  18 yaks
  A steam dragon (D:8)
  3 vampire mosquitoes (D:10)
  An acid dragon (D:10)
  2 water moccasins
  An ice beast (D:7)
  A sky beast (D:7)
  2 black bears (D:8)
  2 orc warriors
  5 centaurs
  5 bullfrogs
  3 necrophages
  2 scorpions (D:5)
  13 wights
  5 killer bees (D:9)
  3 hounds (D:5)
  2 orc priests
  3 iguanas
  Ijyb (D:5)
  3 orc wizards
  Robin (D:4)
  8 gnolls
  8 adders
  3 river rats (Sewer)
  A shadow imp (D:6)
  2 white imps
  An ufetubus (D:4)
  2 worms
  3 dart slugs
  15 orcs
  13 ball pythons
  3 bats
  4 endoplasms
  2 giant cockroaches
  18 goblins
  3 hobgoblins
  13 kobolds
  5 quokkas
  8 frilled lizards
  8 rats
  A spectral kobold (D:3)
204 creatures vanquished.

Vanquished Creatures (others)
  A hobgoblin (D:4)
  17 fungi (D:8)
  16 plants (D:8)
34 creatures vanquished.

Grand Total: 238 creatures vanquished

Notes
Turn   | Place    | Note
-------+----------+-------------------------------------------
     0 | D:1      | Illumine the Palentonga Berserker began the quest for the
                  | Orb.
     0 | D:1      | Reached XP level 1. HP: 19/19 MP: 1/1
   214 | D:1      | Reached XP level 2. HP: 25/25 MP: 2/2
  1335 | D:2      | Reached XP level 3. HP: 31/31 MP: 3/3
  1398 | D:2      | Identified the +8 hand axe of Pestilence {spect, rF++ Int-2
                  | Dex+4}
  1512 | D:2      | Found a blossoming altar of Fedhas.
  1640 | D:3      | Found a transporter.
  1690 | D:3      | Reached ** piety under Trog
  1700 | D:3      | Found a faded altar of an unknown god.
  1756 | D:3      | Reached skill level 1 in Axes
  1756 | D:3      | Reached XP level 4. HP: 37/37 MP: 4/4
  1847 | D:3      | Reached skill level 2 in Axes
  1992 | D:3      | Found a large runed translucent door.
  1995 | D:3      | Found a large runed translucent door.
  2022 | D:3      | Reached XP level 5. HP: 35/44 MP: 5/5
  2152 | D:3      | Found an iron altar of Okawaru.
  2225 | D:3      | Found a glowing silver altar of Zin.
  2372 | D:3      | Found a transporter.
  2814 | D:4      | Reached skill level 3 in Axes
  2822 | D:4      | Noticed Robin
  2846 | D:3      | Reached *** piety under Trog
  2931 | D:4      | Killed Robin
  3031 | D:4      | Reached XP level 6. HP: 47/51 MP: 6/6
  3260 | D:4      | Found a staircase to the Ecumenical Temple.
  3398 | D:5      | Entered Level 5 of the Dungeon
  3398 | D:5      | Found Wykuh's Weapon Shop.
  3408 | D:5      | Identified the +5 ring mail of Fabulous Leaves {rC+ Int+3}
  3434 | D:5      | Found an opulent altar of Gozag.
  3480 | D:5      | Reached skill level 4 in Axes
  3509 | D:5      | Gained mutation: You curl defensively after being hit. (AC
                  | +7*) [Palentonga growth]
  3509 | D:5      | Reached XP level 7. HP: 49/58 MP: 7/7
  3736 | D:5      | Noticed Ijyb
  3738 | D:5      | Killed Ijyb
  3773 | D:5      | Reached skill level 5 in Axes
  3900 | D:5      | Reached skill level 5 in Fighting
  4026 | D:6      | Noticed a two-headed ogre
  4031 | D:6      | Killed a two-headed ogre
  4032 | D:6      | Reached skill level 6 in Axes
  4032 | D:6      | Reached XP level 8. HP: 67/68 MP: 8/8
  4096 | D:6      | Found a glowing drain.
  4108 | Sewer    | Entered a sewer
  4611 | D:6      | Reached **** piety under Trog
  4612 | D:6      | Reached skill level 7 in Axes
  5370 | D:7      | Found a radiant altar of Vehumet.
  5520 | D:7      | Reached skill level 5 in Armour
  5586 | D:7      | Reached XP level 9. HP: 69/75 MP: 9/9
  5588 | D:7      | Reached skill level 8 in Axes
  5994 | D:8      | Found a blossoming altar of Fedhas.
  6056 | D:8      | Found Qietimut's Weapon Shoppe.
  6108 | D:8      | Noticed a komodo dragon
  6119 | D:8      | Killed a komodo dragon
  6120 | D:8      | Reached skill level 9 in Axes
  6272 | D:8      | Noticed a red ugly thing
  6671 | D:8      | Killed a red ugly thing
  6717 | D:8      | Found a staircase to the Lair.
  6792 | D:8      | Found Abuzeidu's Fire Supplies.
  7044 | Lair:1   | Entered Level 1 of the Lair of Beasts
  7153 | D:9      | Reached XP level 10. HP: 79/85 MP: 10/10
  7173 | D:9      | Reached skill level 10 in Axes
  7731 | D:9      | You fall into a shaft and drop 3 floors!
  7866 | D:10     | Entered Level 10 of the Dungeon
  7866 | D:10     | Found a white marble altar of Elyvilon.
  7874 | D:10     | Found a broken altar of Ashenzari.
  7874 | D:10     | Noticed a two-headed ogre
  7891 | D:10     | Killed a two-headed ogre
  7892 | D:10     | Reached skill level 11 in Axes
  8182 | D:10     | Noticed a two-headed ogre
  8194 | D:10     | Killed a two-headed ogre
  8197 | D:10     | Reached XP level 11. HP: 37/95 MP: 11/11
  8550 | D:10     | Reached skill level 12 in Axes
  8558 | D:10     | HP: 1/95 [yak (6)]
  8559 | D:10     | Mangled by a yak

Illustrated notes

Levels and vault maps discovered:
D:1:      dpeg_arrival_ternary, layout_basic, minmay_shallow_snake_nest
D:2:      layout_rooms, basic_altar
D:3:      gammafunk_wand_slinger, layout_basic, jmf_multi_god_temple2,
          mainiacjoe_overflow_alcove_1, mainiacjoe_overflow_boulevard,
          dreamdust_ecumenical_altar_drowned_temple
D:4:      layout_rooms, minmay_temple_entry_fiery, uniq_robin
D:5:      layout_rooms, nicolae_gozag_cash_rules_everything_around_me,
          serial_shops, shop, uniq_ijyb
D:6:      layout_layer_cave, portal_sewer_entry_d, minmay_unpleasant_kobolds
D:7:      layout_basic, vehumet_statue
D:8:      layout_basic, mainiacjoe_overflow_alcove_2,
          grunt_lair_entry_orc_guard_hut, serial_shops,
          nicolae_inconvenience_store, corexii_checkpoint_b,
          nicolae_shop_fire_sale [nicolae_sub_dead_trees]
D:9:      layout_loops_corners, tso_oasis_becter,
          chequers_serial_rivers_micro_c, hangedman_decor_lopped
D:10:     layout_loops_ring, mainiacjoe_overflow_large_starburst
D:11:     layout_gridville, kennysheep_orc_monster_closet_entryway
D:12:     layout_stronghold, ebering_ghost_inner_flame
Lair:1:   layout_cave_pods, serial_bayou_pond_b, nicolae_lair_grazing_beasts
          [nicolae_sub_lair_graze_edge, nicolae_sub_lair_graze_edge,
          nicolae_sub_lair_graze_edge, nicolae_sub_lair_graze_edge],
          grunt_megastairs_4

Skill      XL: |  1  2  3  4  5  6  7  8  9 10 11 |
---------------+----------------------------------+-----
Armour         | 2 3 4 5 6 7 |  7.5
Axes           | 1 2 3 4 6 7 9 11 12 | 12.1
Fighting       | 4 5 6 7 9 |  9.3
Maces & Flails | |  3.7
Dodging        | |  1.5

Action                   |  1- 3 |  4- 6 |  7- 9 | 10-12 || total
-------------------------+-------+-------+-------+-------++-------
Melee: Mace              |    56 |       |       |       ||    56
       Tailslap          |     7 |     8 |    19 |    15 ||    49
       Hand axe          |    16 |    84 |   114 |    89 ||   303
       Punch             |       |       |     3 |     2 ||     5
Invok: Berserk           |       |       |     2 |     1 ||     3
       Trog's Hand       |       |       |       |     1 ||     1
 Abil: Rolling Charge    |    25 |    20 |    30 |    10 ||    85
  Use: Scroll            |       |     3 |     2 |     7 ||    12
       Potion            |       |       |       |     1 ||     1
 Stab: Distracted        |       |       |     2 |     2 ||     4
Armor: Animal skin       |    24 |    20 |       |       ||    44
       Ring mail         |       |     4 |    26 |    19 ||    49
Dodge: Dodged            |    21 |    38 |    54 |    44 ||   157

Table legend: (Time is in decaauts)
 A = Elapsed time spent in this place.
 B = Non-inter-level travel time spent in this place.
 C = Inter-level travel time spent in this place.
 D = Time resting spent in this place.
 E = Time spent auto-exploring this place.
 F = Levels seen in this place.
 G = Mean time per level.
                   A        B        C        D        E       F      G
               +--------+--------+--------+--------+--------+-----+--------+
         Total |   8659 |   8184 |    475 |   1035 |   5688 |  14 |  618.5 |
       Dungeon |   8260 |   7785 |    475 |   1035 |   5453 |  12 |  688.3 |
          Lair |      1 |      1 |      0 |      0 |      0 |   1 |    1.0 |
         Sewer |    397 |    397 |      0 |      0 |    234 |   1 |  397.0 |
               +--------+--------+--------+--------+--------+-----+--------+

Top non-repeatable levels by time:
     D:3: 1205 daAuts
     D:1: 1193 daAuts
     D:6: 1063 daAuts
     D:8: 925 daAuts
     D:7: 875 daAuts
    D:10: 691 daAuts
     D:9: 658 daAuts
     D:4: 576 daAuts
     D:5: 489 daAuts
     D:2: 450 daAuts
   Sewer: 397 daAuts
    D:11: 90 daAuts
    D:12: 41 daAuts
  Lair:1: 1 daAuts
